 Dungeon Crawl Stone Soup version 0.30-a0-341-g682706514a (webtiles) character file.

Game seed: 5789228353634370754

818 lunkers the Geomancer (level 8, -3/57 HPs)
             Began as a Meteoran Earth Elementalist on Nov 1, 2022.
             Slain by a sky beast (5 damage)
             ... on level 6 of the Dungeon.
             The game lasted 00:06:38 (1805 turns).

lunkers the Geomancer (Meteoran Earth Elementalist) Turns: 1805, Time: 00:06:39

Health: -3/57      AC:  2    Str:  9    XL:     8   Next: 39%
Magic:  8/18       EV: 12    Int: 20    God:
Gold:   205        SH:  0    Dex: 14    Spells: 13/19 levels left

rFire   . . .      SeeInvis .    n - +3 dagger (elec)
rCold   . . .      Faith    .    (no shield)
rNeg    . . .      Spirit   .    a - +0 robe
rPois   .          Reflect  .    (no helmet)
rElec   .          Harm     .    (no cloak)
rCorr   .          Rampage  .    (no gloves)
Will    +....                    (no boots)
Stlth   +.........               (no amulet)
HPRegen 0.29/turn                (no ring)
MPRegen 0.16/turn                (no ring)

@: glowing
A: sense surroundings 1, otherworldly, glowing, explore regen
a: no special abilities


You were on level 6 of the Dungeon.
You visited 1 branch of the dungeon, and saw 6 of its levels.

You collected 205 gold pieces.

Inventory:

Hand Weapons
 n - a +3 dagger of electrocution (weapon)
Armour
 a - a +0 robe (worn)
 o - a +0 kite shield
Wands
 p - a wand of flame (8)
Scrolls
 c - a scroll of amnesia
 d - 6 scrolls of teleportation
 f - a scroll of enchant weapon
Potions
 b - a potion of magic
 e - 2 potions of heal wounds
 g - 2 potions of brilliance {unknown}
 h - a potion of haste {unknown}
 j - 3 potions of curing
 k - a potion of flight {unknown}
 m - a potion of invisibility {unknown}


   Skills:
 - Level 2.4 Dodging
 - Level 1.4 Stealth
 + Level 6.2 Spellcasting
 + Level 2.6 Conjurations
 - Level 1.2 Transmutations
 * Level 8.9 Earth Magic


You had 13 spell levels left.
You knew the following spells:

 Your Spells              Type           Power      Damage    Failure   Level
a - Sandblast             Erth           82%        2d17      1%          1
b - Passwall              Tmut/Erth      21%        N/A       1%          2
c - Stone Arrow           Conj/Erth      58%        3d10      2%          3

Your spell library contained the following spells:

 Spells                   Type           Power      Damage    Failure   Level
 Momentum Strike          Conj/Tloc      22%        3d8       9%          2
 Petrify                  Tmut/Erth      26%        N/A       13%         4
 Blink                    Tloc           12%        N/A       16%         2
 Ensorcelled Hibernation  Hex/Ice        12%        N/A       16%         2
 Ignite Poison            Fire/Tmut/Pois 7%         N/A       26%         3
 Kindle Blastsparks       Fire/Tloc/Air  12%        2d11      30%         3
 Lesser Beckoning         Tloc           12%        N/A       30%         3
 Swiftness                Air            6%         N/A       30%         3
 Freezing Cloud           Conj/Ice/Air   4%         6-21      89%         5
 Simulacrum               Ice/Necr       3%         N/A       100%        6
 Polar Vortex             Ice            3%         N/A       100%        9


Dungeon Overview and Level Annotations

Branches:
Dungeon (6/15) Zot: 1735
 Temple: D:4-7

Altars:

Shops:
D:5 *


Innate Abilities, Weirdness & Mutations

You passively map a small area around you.
You are easily found by Zot.
You glow in the dark.
You regain HP and MP as you explore.


Message History

* * * LOW HITPOINT WARNING * * *
The sky beast shocks you.
* * * LOW HITPOINT WARNING * * *
The hound attacks as you move away! The hound bites you.
* * * LOW HITPOINT WARNING * * *
The sky beast attacks as you move away! The sky beast hits you.
* * * LOW HITPOINT WARNING * * *
The sky beast shocks you.
* * * LOW HITPOINT WARNING * * *
The hound misses you.
Casting: Sandblast (safe; 1% risk of failure)
Confirm with . or Enter, or press ? or * to list all spells.
Aiming: Stone Arrow (dangerous; 3% risk of failure)
Press: ? - help, Shift-Dir - straight line, f - hound
Aim: a hound (60% to hit)
The stone arrow hits the hound!
The hound is almost dead.
The hound barely misses you.
The sky beast flickers out of sight!
Deactivating autopickup; reactivate with Ctrl-A.
Unknown command.
Casting: Stone Arrow (dangerous; 3% risk of failure)
Confirm with . or Enter, or press ? or * to list all spells.
Aiming: Stone Arrow (dangerous; 3% risk of failure)
Press: ? - help, Shift-Dir - straight line, f/p - hound
Aim: a hound (almost dead, 60% to hit)
The stone arrow hits the hound!!
You kill the hound!
A sky beast appears from thin air!
Reactivating autopickup.
Unknown command.
Casting: Stone Arrow (dangerous; 2% risk of failure)
Confirm with . or Enter, or press ? or * to list all spells.
Aiming: Stone Arrow (dangerous; 2% risk of failure)
Press: ? - help, Shift-Dir - straight line, f - sky beast
Aim: a sky beast (60% to hit)
The stone arrow misses the sky beast.
The stone arrow misses the black bear.
The sky beast hits you.
* * * LOW HITPOINT WARNING * * *
The sky beast shocks you.
You die...

.####.##..#...,
,, ,
#####..(....#
#. .. ,
#........##.#
#. .. ,
#.#....####.#
#. .# *
)...##...##.#
.#.#
.#######.##.#
*...# .#
#.##.####.. .#
#......##.# ,
## ####...##@#
# # ##...#Y##?#
# #....h.<.# #
###...#...#
##..#...# , *
.......# **
..~....## *,
.........#
..........#


You could see a black bear and a sky beast.

Vanquished Creatures
  2 black bears
  2 ogres
  A wyvern zombie (D:5)
  A scorpion (D:6)
  A water moccasin zombie (D:5)
  A bullfrog zombie (D:5)
  A jelly (D:5)
  A hound (D:6)
  An orc wizard (D:4)
  A hound zombie (D:5)
  6 adders
  A white imp (D:6)
  An adder zombie (D:5)
  2 worms
  5 dart slugs
  7 orcs
  An endoplasm (D:3)
  2 giant cockroaches
  5 goblins
  6 hobgoblins
  6 jackals (D:4)
  3 quokkas (D:2)
  2 ball pythons
  2 bats
  2 frilled lizards (D:1)
  4 kobolds
  6 rats
73 creatures vanquished.

Vanquished Creatures (others)
  A fungus (D:3)
  5 plants
6 creatures vanquished.

Grand Total: 79 creatures vanquished

Notes
Turn   | Place    | Note
-------+----------+-------------------------------------------
     0 | D:1      | lunkers the Meteoran Earth Elementalist began the quest for
                  | the Orb.
     0 | D:1      | Reached XP level 1. HP: 14/14 MP: 5/5
    43 | D:1      | Reached XP level 2. HP: 20/20 MP: 6/6
    90 | D:1      | Reached skill level 4 in Earth Magic
   390 | D:1      | Reached XP level 3. HP: 26/26 MP: 4/8
   448 | D:2      | Reached XP level 4. HP: 27/33 MP: 1/10
   505 | D:2      | Reached skill level 5 in Earth Magic
   921 | D:3      | Found a faded altar of an unknown god.
  1068 | D:4      | Noticed a black bear
  1078 | D:4      | Killed a black bear
  1079 | D:4      | Reached skill level 6 in Earth Magic
  1079 | D:4      | Reached XP level 5. HP: 38/38 MP: 7/12
  1079 | D:4      | Reached XP level 6. HP: 45/45 MP: 7/13
  1356 | D:5      | Entered Level 5 of the Dungeon
  1394 | D:5      | Reached skill level 5 in Spellcasting
  1394 | D:5      | Reached skill level 7 in Earth Magic
  1485 | D:5      | Noticed an ogre
  1488 | D:5      | Killed an ogre
  1489 | D:5      | Reached XP level 7. HP: 50/50 MP: 13/15
  1637 | D:5      | Found Uvivien's Neck Hole.
  1649 | D:5      | Learned a level 2 spell: Passwall
  1653 | D:5      | Learned a level 3 spell: Stone Arrow
  1710 | D:5      | Reached skill level 8 in Earth Magic
  1714 | D:5      | Reached skill level 1 in Conjurations
  1738 | D:6      | Reached XP level 8. HP: 56/57 MP: 15/17
  1805 | D:6      | HP: 2/57 [sky beast (5)]
  1805 | D:6      | Slain by a sky beast

Illustrated notes

Levels and vault maps discovered:
D:1:      sevenhm_arrival_forest_fort_small_6, layout_rooms, serial_forest,
          infiniplex_forest_pool, infiniplex_forest_clump_C,
          infiniplex_forest_end_2, infiniplex_forest_clump_medium,
          infiniplex_forest_clump_tiny, infiniplex_forest_clump_large,
          infiniplex_forest_zigzag_1, skrybe_limestone_x
D:2:      layout_rooms, minmay_misc_feat_more_columns, dk_noncrumbling_3,
          dk_vineyard_1, kennysheep_cluttered_room
D:3:      layout_loops_corners, shapermc_ecumenical_altar_mp_urbaneastern
D:4:      layout_basic
D:5:      layout_basic, serial_undead, serial_undead_c, serial_undead_b,
          serial_undead_d, serial_undead_f, nicolae_shop_sticking_my_neck_out,
          uniq_ijyb
D:6:      layout_rooms, led_xom_imps, uniq_grinder

Skill      XL: |  1  2  3  4  5  6  7  8 |
---------------+-------------------------+-----
Earth Magic    | 4 6 7 8 |  8.9
Spellcasting   | 3 4 5 6 |  6.2
Conjurations   | 1 2 |  2.6
Dodging        | |  2.4
Stealth        | |  1.4
Transmutations | |  1.2

Action                   |  1- 3 |  4- 6 |  7- 9 || total
-------------------------+-------+-------+-------++-------
Melee: Unarmed           |     9 |       |       ||     9
       Punch             |     1 |       |       ||     1
       Dagger            |       |       |     4 ||     4
 Cast: Sandblast         |    29 |    61 |    28 ||   118
       Stone Arrow       |       |       |     3 ||     3
  Use: Scroll            |       |     1 |     5 ||     6
Armor: Robe              |     6 |     6 |     7 ||    19
Dodge: Dodged            |    16 |    17 |    17 ||    50

Table legend: (Time is in decaauts)
 A = Elapsed time spent in this place.
 B = Non-inter-level travel time spent in this place.
 C = Inter-level travel time spent in this place.
 D = Time resting spent in this place.
 E = Time spent auto-exploring this place.
 F = Levels seen in this place.
 G = Mean time per level.
                   A        B        C        D        E       F      G
               +--------+--------+--------+--------+--------+-----+--------+
         Total |   1863 |   1772 |     91 |      0 |   1275 |   6 |  310.5 |
       Dungeon |   1863 |   1772 |     91 |      0 |   1275 |   6 |  310.5 |
               +--------+--------+--------+--------+--------+-----+--------+

Top non-repeatable levels by time:
     D:1: 419 daAuts
     D:5: 381 daAuts
     D:2: 331 daAuts
     D:3: 329 daAuts
     D:4: 316 daAuts
     D:6: 84 daAuts
